 Dungeon Crawl Stone Soup version 0.18-a0-912-g81d1dc4 (webtiles) character file.

200 JokEr the Skirmisher (level 5, 0/39 HPs)
             Began as an Octopode Fighter on Dec 25, 2015.
             Slain by a worker ant (7 damage)
             ... on level 3 of the Dungeon.
             The game lasted 00:07:35 (3346 turns).

JokEr the Skirmisher (Octopode Fighter)             Turns: 3346, Time: 00:07:36

Health: 0/39       AC:  1    Str: 15    XL:     5   Next: 79%
Magic:  5/5        EV:  8    Int: 11    God:
Gold:   201        SH: 13    Dex: 12    Spells: 0 memorised, 4 levels left

rFire  . . .     SeeInvis .     a - +1 long sword
rCold  . . .     Gourm    .     c - +1 large shield
rNeg   . . .     Faith    .     (helmet restricted)
rPois  .         Spirit   .     (no amulet)
rElec  .         Dismiss  .     (no ring)
rCorr  .         Reflect  .     (no ring)
SustAt .         Harm     .     (no ring)
MR     .....                    (no ring)
Stlth  ++........               (no ring)
                                (no ring)
                                (no ring)
                                (no ring)

@: not resistant to hostile enchantments, unstealthy
A: almost no armour, amphibious, 8 rings, constrict 8, camouflage 1, gelatinous
body 1
a: no special abilities


You were on level 3 of the Dungeon.
You were not hungry.

You visited 1 branch of the dungeon, and saw 4 of its levels.

You collected 201 gold pieces.

Inventory:

Hand Weapons
 a - a +1 long sword (weapon)
Armour
 c - a +1 large shield (worn)
Scrolls
 p - 2 scrolls of enchant weapon
Potions
 g - a potion of cure mutation
 i - a potion of agility {unknown}
 j - a potion of lignification {unknown}
 l - a potion of haste {unknown}
 n - a potion of poison {unknown}
Comestibles
 d - a bread ration
 f - 4 meat rations


   Skills:
 + Level 5.0 Fighting
 + Level 4.1 Long Blades
 - Level 3.0 Dodging
 - Level 3.0 Shields


You had 4 spell levels left.
You didn't know any spells.

Dungeon Overview and Level Annotations

Branches:
Dungeon (4/15)
 Temple: D:4-7

Altars:
Fedhas


Innate Abilities, Weirdness & Mutations

You cannot wear most types of armour.
You are amphibious.
You can wear up to eight rings at the same time.
You can use your tentacles to constrict eight enemies at once.
Your skin changes colour to match your surroundings (Stealth).
Your rubbery body absorbs attacks (AC +1).


Message History

The orc wizard flickers and vanishes!
The worker ant barely misses you.
You hit the worker ant.
The worker ant is lightly wounded.
You constrict the worker ant. The orc hits you with a hand axe.
Something hits you but does no damage. The worker ant bites you.
You hear some strange, mumbled words.
A puff of flame appears from out of thin air!
The puff of flame misses you. The orc hits you with a hand axe.
The worker ant closely misses you.
You hit something. You constrict the worker ant.
You block the worker ant's attack. The orc barely misses you.
Your shield prevents you from hitting something.
You constrict the worker ant, but do no damage.
The worker ant bites you.
* * * LOW HITPOINT WARNING * * *
Something hits you.
* * * LOW HITPOINT WARNING * * *
The orc priest barely misses you. You block the orc's attack.
The worker ant bites you!
You die...

.#<#'...#....#.#..#.........#
#####.(.........#)#.........#
#.(..(....#.#.#.........#
#.........#.#...........#
#................########
###'########.#....# #....#
#......# #....# ##{o...#
#..).## #@a...#
#.....########o...#
#.....P.P..# #....#
#....P...P.###....#
#....PP_P..<##....#
####.PPPPP.######## #..PPP..#
#########


You could see a worker ant, an orc priest and an orc.

Vanquished Creatures
  The ghost of zkyp the Bolt Thrower, an amateur KoAM (D:3)
  An orc wizard (D:3)
  2 adders
  A gnoll (D:1)
  An ooze (D:1)
  6 orcs (D:3)
  A ball python (D:2)
  2 giant cockroaches (D:1)
  8 goblins
  5 hobgoblins
  12 kobolds
  A quokka (D:3)
  12 bats
  4 giant newts
  12 rats
69 creatures vanquished.

Notes
Turn   | Place    | Note
--------------------------------------------------------------
     0 | D:1      | JokEr the Octopode Fighter began the quest for the Orb.
     0 | D:1      | Reached XP level 1. HP: 16/16 MP: 1/1
   185 | D:1      | Reached XP level 2. HP: 14/21 MP: 2/2
   504 | D:1      | Reached XP level 3. HP: 16/26 MP: 3/3
  1406 | D:2      | Reached skill level 4 in Fighting
  1681 | D:2      | Reached XP level 4. HP: 30/33 MP: 4/4
  2135 | D:3      | Found a faded altar to an unknown god.
  2289 | D:3      | Noticed zkyp's ghost (amateur KoAM)
  2344 | D:2      | HP: 1/34 [poisoned by zkyp's ghost]
  2561 | D:3      | Killed zkyp's ghost
  2561 | D:3      | Reached XP level 5. HP: 26/38 MP: 5/5
  2774 | D:3      | Reached skill level 5 in Fighting
  2908 | D:3      | Found a blossoming altar of Fedhas.
  3346 | D:3      | Slain by a worker ant

Vault maps used:
D:1:      lightli_arrival_chessboard
D:3:      fedhas_altar_3, ecumenical_altar_1
D:4:      nicolae_ashenzari_panopticon, first_bread, serial_bayou_pond_c

Action                   |  1- 3 |  4- 6 || total
-------------------------+-------+-------++-------
Melee: Long sword        |    71 |    69 ||   140
  Use: Scroll            |       |    10 ||    10
       Potion            |       |     3 ||     3
 Stab: Sleeping          |     6 |     5 ||    11
       Distracted        |     1 |       ||     1
  Eat: Chunk             |     2 |     2 ||     4
       Bread ration      |       |     1 ||     1
